 Dungeon Crawl Stone Soup version 0.27.1-1-g398f81649c (webtiles) character file.

Game seed: 16575739475543605331

833 Thatpatchoflichen the Skirmisher (level 7, -1/75 HPs)
             Began as an Ogre Hunter on Sept 10, 2021.
             Was a Follower of Okawaru.
             Slain by an orc (5 damage)
             ... on level 5 of the Dungeon.
             The game lasted 00:13:32 (6467 turns).

Thatpatchoflichen the Skirmisher (Ogre Hunter)      Turns: 6467, Time: 00:13:33

Health: -1/75      AC:  3    Str: 18    XL:     7   Next: 98%
Magic:  10/10      EV: 11    Int: 12    God:    Okawaru [*.....]
Gold:   207        SH:  0    Dex: 10    Spells: 10/10 levels left

rFire    . . .     SeeInvis .   x - +0 giant spiked club
rCold    . . .     Faith    .   (shield currently unavailable)
rNeg     . . .     Spirit   .   b - +0 robe
rPois    .         Reflect  .   (helmet restricted)
rElec    .         Harm     .   (no cloak)
rCorr    +         Rampage  .   (gloves unavailable)
Will     .....                  (boots unavailable)
Stlth    +.........             (no amulet)
HPRegen  0.22/turn              m - ring of resist corrosion
MPRegen  0.12/turn              (no ring)

@: no status effects
A: large, unfitting armour, tough skin 1
a: Renounce Religion, Heroism


You were on level 5 of the Dungeon.
You worshipped Okawaru.
Okawaru was aware of your devotion.
You visited 2 branches of the dungeon, and saw 6 of its levels.

You collected 207 gold pieces.

Inventory:

Hand Weapons
 n - a +3 dagger of venom
 x - a +0 giant spiked club (weapon)
Missiles
 a - 6 silver javelins
 c - 9 large rocks (quivered)
 d - 2 throwing nets
 e - 163 stones
 w - 7 javelins
Armour
 b - a +0 robe (worn)
 u - a +0 robe
Jewellery
 m - a ring of resist corrosion (left hand)
Wands
 q - a wand of iceblast (7)
Scrolls
 f - a scroll of vulnerability {unknown}
 h - a scroll of fog {unknown}
 i - a scroll of torment {unknown}
 j - 3 scrolls of identify {unknown}
 k - 2 scrolls of noise {unknown}
 l - 2 scrolls of teleportation {unknown}
 r - 3 scrolls of summoning {unknown}
 s - a scroll of acquirement {unknown}
 v - a scroll of immolation {unknown}
Potions
 g - a potion of haste {unknown}
 o - a potion of curing
 p - a potion of mutation {unknown}
 t - a potion of lignification {unknown}
 z - a potion of heal wounds {unknown}


   Skills:
 - Level 6.0 Fighting
 + Level 0.4 Maces & Flails
 + Level 5.2 Throwing
 * Level 5.7 Dodging
 - Level 0.6 Stealth
 + Level 2.0 Spellcasting
 + Level 1.6 Transmutations


You had 10 spell levels left.
You didn't know any spells.
Your spell library contained the following spells:

 Spells                   Type           Power      Damage    Failure   Level
 Wereblood                Tmut           5%         N/A       22%         2
 Animate Skeleton         Necr           2%         N/A       26%         1
 Pain                     Necr           4%         1d4       26%         1
 Sandblast                Erth           2%         2d4       26%         1
 Passwall                 Tmut/Erth      2%         N/A       28%         2
 Sublimation of Blood     Necr           0%         N/A       38%         2
 Vampiric Draining        Necr           0%         2d6       63%         3
 Lee's Rapid Deconstruct  Erth           0%         3d5*      100%        5
 Summon Hydra             Summ           0%         N/A       100%        7


Dungeon Overview and Level Annotations

Branches:
Dungeon (5/15)             Temple (1/1) D:4

Altars:
Ashenzari
Fedhas
Gozag
Hepliaklqana
Kikubaaqudgha
Makhleb
Okawaru
Ru
Trog
Uskayaw
Vehumet
Wu Jian
Xom
The Shining One

Shops:
D:2 ?


Innate Abilities, Weirdness & Mutations

You are too large for most types of armour.
You have tough skin. (AC +1)


Message History

The orc barely misses you.
You closely miss the orc. The orc misses you.
The orc hits you but does no damage. The orc misses you.
You puncture the orc!
You kill the orc!
Okawaru accepts your kill. The orc closely misses you.
The orc hits you with a +0 club.
You closely miss the orc. The orc hits you with a +0 club.
* * * LOW HITPOINT WARNING * * *
The orc hits you with a +0 falchion.
* * * LOW HITPOINT WARNING * * *
The orc hits you with a +0 dagger.
* * * LOW HITPOINT WARNING * * *
The orc misses you.
Throw: 10 large rocks
Press: ? - help, Q - select action, (/) - cycle Shift-Dir - straight line, f - orc
Aim: an orc, wielding a +0 club and wearing a +0 ring mail (65% to hit)
You throw a large rock.
The large rock hits the orc but does no damage.
The orc hits you with a +0 falchion.
* * * LOW HITPOINT WARNING * * *
The orc misses you. The orc hits you with a +0 club.
* * * LOW HITPOINT WARNING * * *
The orc hits you with a +0 falchion.
* * * LOW HITPOINT WARNING * * *
The orc hits you but does no damage.
You barely miss the orc. The orc barely misses you. The orc misses you.
The orc hits you with a +0 dagger.
* * * LOW HITPOINT WARNING * * *
The orc hits you with a +0 club.
* * * LOW HITPOINT WARNING * * *
The orc hits you but does no damage. The orc hits you with a +0 dagger.
* * * LOW HITPOINT WARNING * * *
It was a potion of curing.
You feel better. The orc closely misses you.
The orc hits you with a +0 falchion.
* * * LOW HITPOINT WARNING * * *
The orc hits you but does no damage.
You closely miss the orc. The orc hits you but does no damage.
The orc hits you with a +0 falchion.
You die...

#...##..........# #
#<............###.#
####..............#
#..............#
#.........###..#
########..#..##..
........)........
#######o######.##
#o@# .# #..o## .
#.## # #. o . .o


You could see 3 orcs.

Vanquished Creatures
  Sigmund (D:3)
  A necrophage (D:4)
  An ogre (D:4)
  A phantom (D:4)
  3 scorpions
  An orc priest (D:5)
  2 iguanas (D:4)
  Ijyb (D:3)
  Robin (D:2)
  4 adders
  An ufetubus (D:4)
  2 worms (D:2)
  3 dart slugs (D:2)
  13 orcs
  8 endoplasms
  6 giant cockroaches
  12 goblins
  5 hobgoblins
  5 kobolds
  3 quokkas
  9 ball pythons
  3 bats
  6 frilled lizards
  7 rats
99 creatures vanquished.

Notes
Turn   | Place    | Note
-------+----------+-------------------------------------------
     0 | D:1      | Thatpatchoflichen the Ogre Hunter began the quest for the
                  | Orb.
     0 | D:1      | Reached XP level 1. HP: 22/22 MP: 1/1
   207 | D:1      | Reached skill level 3 in Fighting
   225 | D:1      | Reached XP level 2. HP: 15/31 MP: 2/2
  1172 | D:2      | Reached XP level 3. HP: 21/37 MP: 3/3
  1368 | D:2      | Found Uhankeef's Magic Scroll Boutique.
  1768 | D:2      | Noticed Robin
  1787 | D:2      | Killed Robin
  1788 | D:2      | Reached skill level 4 in Fighting
  2135 | D:2      | Reached XP level 4. HP: 38/48 MP: 4/4
  3075 | D:3      | Found a faded altar of an unknown god.
  3206 | D:3      | Noticed Ijyb
  3219 | D:3      | Killed Ijyb
  3220 | D:3      | Reached XP level 5. HP: 23/54 MP: 5/5
  3966 | D:3      | Noticed Sigmund
  3985 | D:3      | Killed Sigmund
  3986 | D:3      | Reached skill level 5 in Fighting
  3986 | D:3      | Reached XP level 6. HP: 21/66 MP: 6/6
  4411 | D:3      | Found a shimmering altar of Xom.
  4889 | D:4      | Found a staircase to the Ecumenical Temple.
  4896 | D:4      | Reached skill level 5 in Dodging
  4896 | D:4      | Reached XP level 7. HP: 68/72 MP: 7/7
  4914 | Temple   | Entered the Ecumenical Temple
  4920 | Temple   | Became a worshipper of Warmaster Okawaru
  5506 | D:4      | Reached skill level 5 in Throwing
  5506 | D:4      | Reached skill level 1 in Spellcasting
  5554 | D:4      | Reached skill level 1 in Transmutations
  6413 | D:5      | Entered Level 5 of the Dungeon
  6457 | D:5      | Reached * piety under Okawaru
  6458 | D:5      | Reached skill level 6 in Fighting
  6465 | D:5      | HP: 3/75 [orc (1)]
  6467 | D:5      | Slain by an orc

Illustrated notes

Levels and vault maps discovered:
D:1:      lemuel_arrival_behind_the_door_large, layout_basic, serial_aquarium,
          aquarium_bridge_square [aquarium_subvault_wall,
          aquarium_subvault_bridge, aquarium_subvault_wall,
          aquarium_subvault_wall], aquarium_window_3, aquarium_window_fake,
          aquarium_window_fake, aquarium_view_2g, aquarium_balcony_double_4,
          aquarium_pool_2, st_stairs_6
D:2:      minmay_spotlight, layout_loops_ring, serial_shops,
          nicolae_diamond_shop, uniq_robin
D:3:      layout_basic, mainiacjoe_overflow_alcove_2,
          ebering_ecumenical_altar_mist, minmay_misc_feat_five,
          minmay_randomly_rotated_circles, uniq_sigmund, uniq_ijyb
D:4:      kb_forest_paths, layout_loops_ring, minmay_temple_entry_stoned_glass
D:5:      layout_rooms, kennysheep_mini_moat, lemuel_crystal_altar,
          enter_ossuary_2, minmay_misc_feat_enclosed
Temple:   dshaligram_water_room_temple

Skill      XL: |  1  2  3  4  5  6  7 |
---------------+----------------------+-----
Fighting       | 3 4 5 6 |  6.0
Dodging        | 2 3 4 5 |  5.7
Throwing       | 5 |  5.2
Spellcasting   | 2 |  2.0
Transmutations | 1 |  1.6
Maces & Flails | |  0.4
Stealth        | |  0.6

Action                   |  1- 3 |  4- 6 |  7- 9 || total
-------------------------+-------+-------+-------++-------
Melee: Short sword       |   126 |    31 |       ||   157
       Dagger            |       |   137 |    72 ||   209
       Giant spiked club |       |       |    28 ||    28
Throw: Large rock        |     3 |     1 |     1 ||     5
  Use: Potion            |       |       |     1 ||     1
 Stab: Sleeping          |     2 |     1 |       ||     3
       Distracted        |       |       |     1 ||     1
Armor: Robe              |    40 |    49 |    28 ||   117
Dodge: Dodged            |    83 |    97 |    74 ||   254
